 Dungeon Crawl Stone Soup version 0.30-a0-1161-g0704695555 (webtiles) character file.

Game seed: 8975261753938568484

1962 kae the Transmogrifier (level 9, -1/70 HPs)
             Began as a Merfolk Transmuter on Apr 27, 2023.
             Was an Initiate of Ru.
             Slain by a killer bee (5 damage)
             ... on level 7 of the Dungeon.
             The game lasted 00:07:38 (6401 turns).

kae the Transmogrifier (Merfolk Transmuter)         Turns: 6401, Time: 00:07:39

Health: -1/70      AC: 12    Str: 10    XL:     9   Next: 19%
Magic:  15/18      EV: 15    Int: 16    God:    Ru [......]
Gold:   1453       SH:  0    Dex: 15    Spells: 10/20 levels left

rFire   x .          .
                       - Unarmed
rCold   + + +        (shield currently unavailable)
rNeg    . . .        a - melded +0 robe
rPois   +            b - melded +0 helmet
rElec   .            (cloak currently unavailable)
rCorr   .            h - melded +2 pair of gloves
SInv    .            (boots currently unavailable)
Will    .....        (no amulet)
Stlth   +            O - +4 ring of protection
HPRegen 0.31/turn    E - +5 ring of evasion
MPRegen 0.16/turn

%: no passive effects
@: lethally poisoned (-1 -> -16), about to teleport, ice-form
A: freezing attack, boosted hp, large, (nimble swimmer 2), (mertail)
a: End Transformation, Renounce Religion


You were on level 7 of the Dungeon.
You worshipped Ru.
Ru was noncommittal.
You were a creature of crystalline ice.
You visited 2 branches of the dungeon, and saw 8 of its levels.
You also visited: Ossuary.

You collected 1511 gold pieces.
You spent 58 gold pieces at shops.


Innate Abilities, Weirdness & Mutations

You are a creature of crystalline ice.
You have a powerful freezing melee attack.
Your maximum health is increased.
Your armour is entirely melded.
You are incapable of wielding weapons or throwing items.
((You are very nimble when in or above water. (Stealth+, EV+, Speed+++)))
((Your lower body shifts to a powerful aquatic tail in water.))


   Skills:
 - Level 1.1 Fighting
 - Level 2.6 Dodging
 + Level 5.9 Unarmed Combat
 * Level 6.1 Spellcasting
 * Level 8.8 Transmutations
 - Level 6.0 Ice Magic
 - Level 2.0 Poison Magic


You had 10 spell levels left.
You knew the following spells:

 Your Spells              Type           Power      Damage    Failure   Level
a - Beastly Appendage     Tmut           66%        N/A       1%          1
b - Wereblood             Tmut           33%        N/A       1%          2
c - Spider Form           Tmut/Pois      22%        N/A       4%          3
d - Ice Form              Ice/Tmut       28%        N/A       6%          4

Your spell library contained the following spells:

 Spells                   Type           Power      Damage    Failure   Level
 Ensorcelled Hibernation  Hex/Ice        28%        N/A       6%          2
 Anguish                  Hex/Necr       2%         N/A       80%         4
 Animate Dead             Necr           4%         N/A       80%         4
 Haunt                    Necr/Summ      2%         N/A       100%        7
 Infestation              Necr           2%         N/A       100%        8

Inventory:

Missiles
 e - 5 poisoned darts
 f - 61 stones
Armour
 a - a +0 robe (melded)
 b - a +0 helmet (melded)
   (You found it on level 4 of the Dungeon)
 g - the +4 ring mail of Sutown {Harm rF+ Int+3 SInv}
   (You found it on level 3 of the Dungeon)

   Int:       It affects your intelligence (+3).
   rF:        It protects you from fire.
   SInv:      It lets you see invisible.
   Harm:      It increases damage dealt and taken.
 h - a +2 pair of gloves (melded)
   (You found it on level 3 of the Dungeon)
Jewellery
 E - a +5 ring of evasion (right front paw)
   (You found it on level 6 of the Dungeon)
 F - a ring of protection from fire
   (You found it on level 6 of the Dungeon)
 O - a +4 ring of protection (left front paw)
   (You found it on level 2 of the Dungeon)
Wands
 q - a wand of quicksilver (13)
   (You found it on level 4 of the Dungeon)
 t - a wand of flame (10)
   (You found it on level 4 of the Dungeon)
Scrolls
 c - 2 scrolls of vulnerability {!r!r}
 i - a scroll of immolation {!r!r}
 l - 2 scrolls of teleportation {@r4}
 m - 2 scrolls of enchant armour
 o - 2 scrolls of fog
 p - a scroll of poison {!r}
 u - a scroll of identify {@r1}
Potions
 d - 3 potions of flight
 j - 4 potions of curing {@q1}
 k - 4 potions of heal wounds {@q2}
 n - 3 potions of might
 r - a potion of ambrosia
 s - a potion of lignification {!q}

Dungeon Overview and Level Annotations

Branches:
Dungeon (7/15) Zot: 26912  Temple (1/1) D:6 Zot: 5973 Ossuary (visited)

Altars:
Ashenzari
Cheibriados
Dithmenos
Elyvilon
Fedhas
Gozag
Hepliaklqana
Kikubaaqudgha
Makhleb
Nemelex Xobeh
Okawaru
Qazlal
Ru
Trog
Uskayaw
Vehumet
Wu Jian
Xom
Yredelemnul
Zin
The Shining One

Shops:
D:1 ? D:2

! #....#.#.# #....#.#.#
###.#....#.# #....'.#.#
#..........# #....###.#
#.#.#.......
+........####.#.......#.
#......##...#.#.........
+......##.#.#(#.#.....#
#......##.#.#.#Y#y...###
###.#.....#.....Yyy.....
###.##........#.yy......
#.......###.############
#.#.###.# ### #.#.# #.#
#.#.# .# #.#.# #.#..
..###


You could see a sky beast and 5 killer bees.


Message History

Your transformation is almost over.
You warm up again.
Your +0 helmet unmelds from your body.
Your +2 pair of gloves unmelds from your body.
Your +0 robe unmelds from your body.
You open the door.
There is an open door here.
You now have 1453 gold pieces (gained 12).
There is an open door here.
A sky beast comes into view.
The sky beast flickers out of sight!
Deactivating autopickup; reactivate with Ctrl-A. 2 killer bees come into view.
Something hits you. Something shocks you. 😕 HP[-18]
You now have 59 max hp (-11).
You take 18 damage, and now have 52/59 hp.
MASSIVE DAMAGE!! (PAUSE)
There are monsters nearby!
There are monsters nearby!
Unknown command.
There are monsters nearby!
Casting: Ice Form (dangerous; 6% risk of failure)
Confirm with . or Enter, or press ? or * to list all spells.
You turn into a creature of crystalline ice.
Your +0 helmet melds into your body.
Your +2 pair of gloves melds into your body.
Your +0 robe melds into your body.
The killer bee buzzes angrily.
You hear an angry buzzing noise. x2
A killer bee comes into view.
Something hits you. Something shocks you.
Something hits you but does no damage.
A killer bee comes into view. 😕 HP[+3] MP[-4]
You now have 70 max hp (+11).
You regained 3 hp, and now have 55/70 hp.
You lost 4 mp, and now have 14/18 mp.
You miss something. You miss something. Something hits you but does no damage.
A killer bee comes into view.
The killer bee buzzes angrily. x2
You hit something. You freeze something. The killer bee closely misses you.
Something hits you. Something shocks you.
The killer bee stings you but does no damage. 😮 HP[-7]
You take 7 damage, and now have 48/70 hp.
You hit something but do no damage. The killer bee barely misses you.
Something hits you but does no damage. 😮 MP[+1] Unknown command.
As you read the scroll of teleportation {@r4}, it crumbles to dust.
You feel strangely unstable.
A sky beast appears from thin air!
Reactivating autopickup.
The sky beast hits you but does no damage.
The killer bee stings you.
The killer bee barely misses you. 😮 HP[-6]
You take 6 damage, and now have 42/70 hp.
You closely miss the sky beast. The killer bee completely misses you.
The killer bee barely misses you. The killer bee stings you.
You are poisoned.
The killer bee poisons you!
The sky beast barely misses you. 😮 HP[-4]
You take 4 damage, and now have 38/70 hp.
You hit the sky beast. You freeze the sky beast.
You feel sick. The killer bee barely misses you. The killer bee stings you.
* * * LOW HITPOINT WARNING * * *
You are more poisoned.
The killer bee poisons you! The killer bee misses you.
The killer bee completely misses you. The killer bee stings you.
* * * LOW HITPOINT WARNING * * *
The sky beast barely misses you.
You hit the sky beast. You freeze the sky beast.
You feel very sick. The killer bee stings you.
* * * LOW HITPOINT WARNING * * *
You are more poisoned.
The killer bee poisons you! The killer bee stings you.
* * * LOW HITPOINT WARNING * * *
The killer bee closely misses you. The killer bee barely misses you.
The killer bee stings you but does no damage.
The killer bee misses you. The killer bee barely misses you.
The killer bee stings you.
* * * LOW HITPOINT WARNING * * *
The sky beast closely misses you. 😨 HP[-20]
You take 20 damage, and now have 18/70 hp.
MASSIVE DAMAGE!! (PAUSE)
You closely miss the sky beast.
* * * LOW HITPOINT WARNING * * *
You feel very sick. The killer bee stings you.
* * * LOW HITPOINT WARNING * * *
The killer bee misses you. The killer bee barely misses you.
The killer bee stings you.
* * * LOW HITPOINT WARNING * * *
The killer bee stings you.
* * * LOW HITPOINT WARNING * * *
The killer bee closely misses you. The killer bee stings you.
You die...

Skill      XL: |  1  2  3  4  5  6  7  8  9 |
---------------+----------------------------+-----
Transmutations | 3 4 5 6 8 |  8.8
Poison Magic   | 1 2 |  2.0
Spellcasting   | 3 4 5 6 |  6.1
Unarmed Combat | 4 5 |  5.9
Ice Magic      | 1 2 4 5 6 |  6.0
Fighting       | |  1.1
Dodging        | |  2.6

Action                     |  1- 3 |  4- 6 |  7- 9 || total
---------------------------+-------+-------+-------++-------
  Melee: Unarmed           |   160 |   239 |   198 ||   597
         Headbutt          |    22 |    43 |     5 ||    70
         Punch             |     5 |     6 |     1 ||    12
   Cast: Beastly Appendage |    32 |    25 |       ||    57
         Spider Form       |       |     2 |    11 ||    13
         Wereblood         |       |     5 |     4 ||     9
         Ice Form          |       |       |    17 ||    17
    Use: Scroll            |     4 |     5 |     9 ||    18
         Potion            |       |     3 |       ||     3
   Stab: Sleeping          |     1 |     2 |       ||     3
 Armour: Robe              |    34 |   130 |    15 ||   179
         Skin              |       |   105 |    68 ||   173
  Dodge: Dodged            |   108 |   182 |   138 ||   428

Levels and vault maps discovered:
D:1:      dpeg_arrival_boxorama, layout_loops_cross, serial_shops,
          shop_fountains, hangedman_decor_riveting, dk_noncrumbling_3
D:2:      layout_loops_ring, serial_shops, nicolae_shop_industrial_runoff,
          hangedman_abyss_or_decor_stabs
D:3:      layout_basic, kb_xom_exploding_sheep, uniq_terence
D:4:      layout_rooms, fedhas_ov_isle_minmay, mainiacjoe_overflow_paths,
          nicolae_ossuary_entry_plus, uniq_robin, uniq_natasha
D:5:      layout_loops_ring, mainiacjoe_overflow_chevrons
D:6:      layout_rooms, mainiacjoe_overflow_alcove_1,
          kennysheep_okawaru_gauntlet, temple_pool_b
D:7:      layout_basic, uniq_duvessa
Temple:   nicolae_temple_no_exploring_needed

Notes
Turn   | Place    | Note
-------+----------+-------------------------------------------
     0 | D:1      | kae the Merfolk Transmuter began the quest for the Orb.
     0 | D:1      | Reached XP level 1. HP: 15/15 MP: 3/3
     0 | D:1      | magus.rc [v1.11.3]
   152 | D:1      | Reached skill level 3 in Transmutations
   152 | D:1      | Reached XP level 2. HP: 16/21 MP: 5/5
   165 | D:1      | Reached skill level 1 in Poison Magic
   170 | D:1      | Learned a level 2 spell: Wereblood
   377 | D:1      | Reached XP level 3. HP: 26/26 MP: 4/6
   396 | D:1      | Learned a level 3 spell: Spider Form
   756 | D:1      | Found Ezuwkoud's Magic Scroll Emporium.
   840 | D:1      | Bought a scroll of identify for 28 gold pieces
  1365 | D:2      | You pick up a book of Dreams and begin reading...
  1365 | D:2      | You add the spells Ensorcelled Hibernation and Anguish to
                  | your library.
  1375 | D:2      | Found Couleos's Distillery.
  1383 | D:2      | Bought a potion of curing for 30 gold pieces
  1584 | D:2      | Reached skill level 2 in Poison Magic
  1873 | D:3      | Identified the +4 ring mail of Sutown {Harm rF+ Int+3 SInv}
  1952 | D:3      | Reached XP level 4. HP: 22/32 MP: 7/7
  2082 | D:3      | Noticed a dream sheep
  2082 | D:3      | Noticed a dream sheep
  2082 | D:3      | Noticed a dream sheep
  2082 | D:3      | Noticed a dream sheep
  2082 | D:3      | Noticed a dream sheep
  2082 | D:3      | Found a shimmering altar of Xom.
  2086 | D:3      | Killed a dream sheep
  2086 | D:3      | Killed a dream sheep
  2086 | D:3      | Killed a dream sheep
  2087 | D:3      | Killed a dream sheep
  2087 | D:3      | Killed a dream sheep
  2114 | D:3      | Identified the +9 dagger "Ibacojott" {spect, Str+2}
  2248 | D:3      | Noticed Terence
  2266 | D:3      | Killed Terence
  2267 | D:3      | Reached skill level 4 in Transmutations
  2474 | D:3      | Reached skill level 3 in Spellcasting
  3034 | D:4      | Found a blossoming altar of Fedhas.
  3050 | D:4      | Found an ancient bone altar of Kikubaaqudgha.
  3085 | D:4      | Noticed Robin
  3093 | D:4      | Reached XP level 5. HP: 30/37 MP: 7/9
  3122 | D:4      | Killed Robin
  3148 | D:4      | You pick up a book of Death and begin reading...
  3148 | D:4      | You add the spells Animate Dead, Haunt and Infestation to
                  | your library.
  3217 | D:4      | Found a sand-covered staircase.
  3279 | Ossuary  | Entered an ossuary
  3328 | Ossuary  | Learned a level 4 spell: Ice Form
  3544 | Ossuary  | Reached skill level 4 in Unarmed Combat
  3569 | Ossuary  | Reached skill level 1 in Ice Magic
  3582 | Ossuary  | HP: 8/37 [human zombie (5)]
  3584 | Ossuary  | Reached skill level 5 in Transmutations
  3584 | Ossuary  | Reached XP level 6. HP: 5/43 MP: 8/11
  3586 | Ossuary  | HP: 3/43 [centaur zombie (3)]
  3598 | Ossuary  | HP: 10/43 [human zombie (6)]
  3649 | Ossuary  | Reached skill level 2 in Ice Magic
  3829 | Ossuary  | Reached skill level 4 in Spellcasting
  3874 | Ossuary  | Reached XP level 7. HP: 23/48 MP: 11/13
  4053 | D:4      | Noticed Natasha
  4066 | D:4      | Killed Natasha
  4164 | D:4      | Reached skill level 6 in Transmutations
  4438 | D:4      | Noticed Natasha
  4445 | D:4      | Killed Natasha
  4446 | D:4      | Reached skill level 3 in Ice Magic
  4460 | D:5      | Entered Level 5 of the Dungeon
  4615 | D:5      | Identified a scroll of acquirement
  4615 | D:5      | Acquired 1105 gold pieces
  4702 | D:5      | Reached skill level 4 in Ice Magic
  4702 | D:5      | Reached XP level 8. HP: 54/54 MP: 15/15
  4711 | D:5      | Reached skill level 5 in Unarmed Combat
  4711 | D:5      | Reached skill level 7 in Transmutations
  4745 | D:5      | Found a bloodstained altar of Trog.
  4793 | D:5      | Reached skill level 5 in Spellcasting
  4828 | D:5      | HP: 12/54 [orc/+0 falchion (4)]
  4840 | D:5      | HP: 16/64 [gnoll/+0 spear[a gnoll sergeant] (4)]
  5274 | D:5      | Reached skill level 5 in Ice Magic
  5579 | D:6      | Reached skill level 8 in Transmutations
  5618 | D:6      | Found a staircase to the Ecumenical Temple.
  5675 | Temple   | Entered the Ecumenical Temple
  5694 | Temple   | Became a worshipper of Ru the Awakened
  5798 | D:6      | Found a glowing silver altar of Zin.
  5805 | D:6      | Reached XP level 9. HP: 40/59 MP: 14/17
  6017 | D:6      | Found an iron altar of Okawaru.
  6023 | D:6      | Reached skill level 6 in Spellcasting
  6176 | D:6      | Reached skill level 6 in Ice Magic
  6401 | D:7      | HP: 14/70 [poisoned by a killer bee]
  6401 | D:7      | HP: 5/70 [killer bee (6)]
  6401 | D:7      | Slain by a killer bee

Vanquished Creatures
  A black bear (D:5)
  2 ice beasts (D:6)
  3 phantoms (D:5)
  A centaur (D:6)
  An elf zombie (Ossuary)
  5 scorpions (D:5)
  A bullfrog (D:6)
  A gnoll sergeant (D:5)
  4 centaur zombies (Ossuary)
  2 hounds (D:6)
  An orc priest (D:6)
  3 human zombies (Ossuary)
  A jelly (D:6)
  Terence (D:3)
  3 iguanas
  2 sleepcaps
  4 orc wizards
  Natasha (twice) (D:4)
  2 mummies (Ossuary)
  Robin (D:4)
  5 gnolls (D:5)
  4 adders
  An adder zombie (Ossuary)
  3 dart slugs
  9 orcs
  9 ball pythons
  9 endoplasms
  5 giant cockroaches
  8 hobgoblins
  7 jackals
  3 quokkas
  8 bats
  3 frilled lizards
  18 goblins
  9 hobgoblin zombies (Ossuary)
  7 kobolds
  6 kobold zombies (Ossuary)
  11 orc zombies (Ossuary)
  3 rats
  2 rat zombies (Ossuary)
171 creatures vanquished.

Vanquished Creatures (others)
  5 dream sheep (D:3)
5 creatures vanquished.

Grand Total: 176 creatures vanquished

Table legend:
 A = Non-vault XP
 B = Vault XP
 C = Vault XP percentage of total XP
 D = Non-vault monster count
 E = Vault monster count
 F = Vault count percentage of total count
                 A         B        C        D         E       F
            +---------+---------+-------+---------+---------+-------
      Total |    2204 |     599 |  21.4 |     116 |      55 |  32.2
            +---------+---------+-------+---------+---------+-------
        D:1 |      55 |       0 |   0.0 |      32 |       0 |   0.0
        D:2 |      20 |       0 |   0.0 |      13 |       0 |   0.0
        D:3 |      46 |      38 |  45.2 |      15 |       1 |   6.2
        D:4 |      99 |      70 |  41.4 |      13 |      13 |  50.0
        D:5 |    1159 |       0 |   0.0 |      25 |       0 |   0.0
        D:6 |     825 |       4 |   0.5 |      18 |       2 |  10.0
    Ossuary |       0 |     487 | 100.0 |       0 |      39 | 100.0
            +---------+---------+-------+---------+---------+-------

Skill      XL: |  1  2  3  4  5  6  7  8  9 |
---------------+----------------------------+-----
Transmutations | 3 4 5 6 8 |  8.8
Poison Magic   | 1 2 |  2.0
Spellcasting   | 3 4 5 6 |  6.1
Unarmed Combat | 4 5 |  5.9
Ice Magic      | 1 2 4 5 6 |  6.0
Fighting       | |  1.1
Dodging        | |  2.6

Action                     |  1- 3 |  4- 6 |  7- 9 || total
---------------------------+-------+-------+-------++-------
  Melee: Unarmed           |   160 |   239 |   198 ||   597
         Headbutt          |    22 |    43 |     5 ||    70
         Punch             |     5 |     6 |     1 ||    12
   Cast: Beastly Appendage |    32 |    25 |       ||    57
         Spider Form       |       |     2 |    11 ||    13
         Wereblood         |       |     5 |     4 ||     9
         Ice Form          |       |       |    17 ||    17
    Use: Scroll            |     4 |     5 |     9 ||    18
         Potion            |       |     3 |       ||     3
   Stab: Sleeping          |     1 |     2 |       ||     3
 Armour: Robe              |    34 |   130 |    15 ||   179
         Skin              |       |   105 |    68 ||   173
  Dodge: Dodged            |   108 |   182 |   138 ||   428

Illustrated notes

Table legend:
 A = Kills in this place as a percentage of kills in the entire game.
 B = Kills by you in this place as a percentage of kills by you in the entire game.
 C = Kills by friends in this place as a percentage of kills by friends in the entire game.
 D = Other kills in this place as a percentage of other kills in the entire game.
 E = Experience gained in this place as a percentage of experience gained in the entire game.
 F = Experience gained in this place divided by the number of levels of this place that you have seen.
                   A       B       C       D       E      F
               +-------+-------+-------+-------+-------+----------------------
         Total | 100.0 | 100.0 |   N/A |   N/A | 100.0 | 311.4
       Dungeon |  77.2 |  77.2 |   N/A |   N/A |  82.6 | 330.9
       Ossuary |  22.8 |  22.8 |   N/A |   N/A |  17.4 | 487.0
               +-------+-------+-------+-------+-------+----------------------

Table legend: (Time is in decaauts)
 A = Elapsed time spent in this place.
 B = Non-inter-level travel time spent in this place.
 C = Inter-level travel time spent in this place.
 D = Time resting spent in this place.
 E = Time spent auto-exploring this place.
 F = Levels seen in this place.
 G = Mean time per level.
                   A        B        C        D        E       F      G
               +--------+--------+--------+--------+--------+-----+--------+
         Total |   6363 |   6129 |    234 |    247 |   4408 |   9 |  707.0 |
       Dungeon |   5598 |   5370 |    228 |     56 |   4170 |   7 |  799.7 |
        Temple |     26 |     20 |      6 |      0 |     12 |   1 |   26.0 |
       Ossuary |    738 |    738 |      0 |    191 |    226 |   1 |  738.0 |
               +--------+--------+--------+--------+--------+-----+--------+

Top non-repeatable levels by time:
     D:3: 1175 daAuts
     D:5: 1018 daAuts
     D:1: 971 daAuts
     D:2: 863 daAuts
     D:6: 792 daAuts
 Ossuary: 738 daAuts
     D:4: 691 daAuts
     D:7: 87 daAuts
  Temple: 26 daAuts
